 Dungeon Crawl Stone Soup version 0.30.0 (webtiles) character file.

Game seed: 2731186114263112934

2781 jasper the Cleaver (level 9, -7/81 HPs)
             Began as a Hill Orc Cinder Acolyte on May 6, 2023.
             Was a Priest of Ignis.
             Mangled by a yak (12 damage)
             ... on level 9 of the Dungeon.
             The game lasted 00:08:11 (6683 turns).

jasper the Cleaver (Hill Orc Cinder Acolyte)        Turns: 6683, Time: 00:08:11

Health: -7/81      AC: 22    Str: 20    XL:     9   Next: 70%
Magic:  10/10      EV:  7    Int: 13    God:    Ignis [***...]
Gold:   469        SH:  2    Dex:  7    Spells: 10/10 levels left

rFire   + . .        a - -1 hand axe (flame)
rCold   + . .        t - +0 buckler
rNeg    + . .        l - +0 chain mail
rPois   +            (no helmet)
rElec   .            s - +2 ratskin cloak {*Rats rPois rN+ Str-1 Int-1 Dex+1}
rCorr   .            i - +0 pair of gloves
SInv    .            j - +0 pair of boots
Will    +....        (no amulet) Stlth
                     p - ring of willpower
HPRegen 0.33/turn    n - ring of protection from cold
MPRegen 0.12/turn

%: no passive effects
@: fiery-armoured, studying Earth Magic
A: no striking features
a: Renounce Religion, Fiery Armour, Foxfire Swarm, Rising Flame


You were on level 9 of the Dungeon.
You worshipped Ignis.
Ignis was most pleased with you.
You visited 1 branch of the dungeon, and saw 9 of its levels.

You collected 469 gold pieces.

Inventory:

Hand Weapons
 a - a -1 hand axe of flaming (weapon)
 C - a +3 hand axe
 N - a +0 heavy hand axe
Missiles
 f - 70 stones
 q - a boomerang (quivered)
 L - 7 poisoned darts
Armour
 b - a +0 robe
 h - a +0 ring mail
 i - a +0 pair of gloves (worn)
 j - a +0 pair of boots (worn)
 l - a +0 chain mail (worn)
 s - the +2 ratskin cloak (worn) {*Rats rPois rN+ Str-1 Int-1 Dex+1}
   (You found it on level 3 of the Dungeon)

   *Rats:     When the wearer is hurt, rats may emerge from it to assist them.
   Str:       It affects your strength (-1).
   Int:       It affects your intelligence (-1).
   Dex:       It affects your dexterity (+1).
   rPois:     It protects you from poison.
   rN:        It protects you from negative energy.
 t - a +0 buckler (worn)
Jewellery
 m - a +6 ring of strength
 n - a ring of protection from cold (right hand)
 p - a ring of willpower (left hand)
 w - a ring of ice
 B - a ring of ice
 H - a +6 ring of dexterity
Wands
 G - a wand of charming (11)
 I - a wand of acid (15)
 P - a wand of mindburst (7)
 R - a wand of flame (14)
Scrolls
 c - 3 scrolls of teleportation {unknown}
 k - 6 scrolls of identify {unknown}
 u - a scroll of magic mapping {unknown}
 v - 3 scrolls of poison {unknown}
 x - 3 scrolls of fog {unknown}
 y - 2 scrolls of immolation {unknown}
 A - 2 scrolls of noise {unknown}
 D - a scroll of enchant armour {unknown}
 E - a scroll of vulnerability {unknown}
 J - a scroll of blinking {unknown}
Potions
 d - 3 potions of mutation {unknown}
 e - a potion of degeneration {unknown}
 g - a potion of haste {unknown}
 o - 6 potions of curing {unknown}
 r - a potion of heal wounds {unknown}
 z - a potion of might {unknown}
 F - a potion of invisibility {unknown}
 K - a potion of berserk rage {unknown}
 M - 3 potions of lignification {unknown}
 O - 2 potions of attraction {unknown}
 Q - a potion of cancellation {unknown}


   Skills:
 - Level 7.9 Fighting
 - Level 11.5 Axes
 - Level 2.0 Throwing
 - Level 5.9 Armour
 - Level 1.0 Spellcasting
 - Level 3.2 Fire Magic
 + Level 5.2 Evocations


You had 10 spell levels left.
You didn't know any spells.
Your spell library contained the following spells:

 Spells                   Type           Power      Damage    Failure   Level
 Scorch                   Fire           18%        2d5       67%         2
 Magic Dart               Conj           0%         1d3       94%         1
 Slow                     Hex            0%         N/A       94%         1
 Searing Ray              Conj           0%         2d4       98%         2
 Confusing Touch          Hex            0%         N/A       100%        3
 Portal Projectile        Hex/Tloc       0%         N/A       100%        3
 Vampiric Draining        Necr           0%         2d6       100%        3
 Fulminant Prism          Conj/Hex       0%         3d5       100%        4
 Petrify                  Tmut/Erth      0%         N/A       100%        4
 Alistair's Intoxication  Tmut/Pois      0%         N/A       100%        5
 Blade Hands              Tmut           0%         N/A       100%        5
 Borgnjor's Vile Clutch   Necr/Erth      0%         N/A       100%        5
 Irradiate                Conj/Tmut      0%         3d11      100%        5
 Metabolic Englaciation   Hex/Ice        0%         N/A       100%        5
 Summon Forest            Summ/Tloc      0%         N/A       100%        5
 Eringya's Noxious Bog    Tmut/Pois      0%         N/A       100%        6
 Statue Form              Tmut/Erth      0%         N/A       100%        6
 Dragon Form              Tmut           0%         N/A       100%        7


Dungeon Overview and Level Annotations

Branches:
Dungeon (9/15)             Temple (0/1) D:4
   Lair: D:8-11         Orc: D:9-12

Altars:
Elyvilon
Fedhas
Hepliaklqana
Makhleb
Ru
Trog
Vehumet

Shops:
D:1 *   D:2 ?


Message History

The yak is lightly wounded.
You hit the yak but do no damage. You hit the yak. You burn the yak.
The yak is moderately wounded.
You hit the yak but do no damage. The yak gores you.
* * * LOW HITPOINT WARNING * * *
The yak is burned by your cloak of flames.
The yak is heavily wounded.
You hit the yak but do no damage.
The yak is lightly wounded.
You completely miss the yak. You hit the yak. You burn the yak.
You block the yak's attack. The yak closely misses you.
The yak gores you but does no damage.
The yak is burned by your cloak of flames.
The yak is moderately wounded.
You slash the yak! You burn the yak.
The yak is severely wounded.
You hit the yak. You burn the yak. You hit the yak. You burn the yak.
The yak gores you.
* * * LOW HITPOINT WARNING * * *
The yak gores you!
* * * LOW HITPOINT WARNING * * *
The yak is burned by your cloak of flames.
The yak is almost dead.
The yak gores you but does no damage.
The yak is burned by your cloak of flames.
The yak is severely wounded.
You closely miss the yak.
The yak is severely wounded.
You completely miss the yak. You hit the yak but do no damage.
You barely miss the yak.
The yak is severely wounded.
You hit the yak but do no damage. x2; The yak gores you but does no damage.
The yak is burned by your cloak of flames.
The yak is heavily wounded.
You block the yak's attack. The yak gores you but does no damage.
You barely miss the yak.
The yak is severely wounded.
You hit the yak but do no damage. x2; The yak gores you!
You die...

.....[....#
..........#
.......<.#
.........#
#######..#
#..# #K.#
#YY# #@Y#
.........#
.........#
#######..#
#..# #..#
#.?# #..#


You could see 3 yaks and a kobold brigand.

Vanquished Creatures
  A water moccasin (D:6)
  2 ice beasts
  A black bear (D:4)
  4 centaurs
  2 ogres
  A kobold brigand (D:7)
  A bullfrog (D:7)
  A gnoll sergeant (D:5)
  2 scorpions
  3 wights (D:5)
  7 killer bees
  2 howler monkeys
  A jelly (D:4)
  2 hounds (D:5)
  Crazy Yiuf (D:5)
  4 orc priests
  3 orc wizards
  A sleepcap (D:5)
  4 iguanas
  8 gnolls
  4 adders
  4 white imps
  3 ufetubi
  2 worms
  4 dart slugs
  16 orcs
  2 ball pythons (D:2)
  6 bats
  10 endoplasms
  3 giant cockroaches
  14 goblins
  7 hobgoblins
  2 quokkas
  A frilled lizard (D:1)
  16 kobolds
  4 rats
  A spectral goblin (D:4)
150 creatures vanquished.

Vanquished Creatures (collateral kills)
  2 centaurs (D:8)
  A phantom (D:4)
  A wight (D:5)
  A killer bee (D:7)
  A sleepcap (D:4)
  An orc (D:8)
7 creatures vanquished.

Vanquished Creatures (others)
  A wizard (D:8)
1 creature vanquished.

Grand Total: 158 creatures vanquished

Notes
Turn   | Place    | Note
-------+----------+-------------------------------------------
     0 | D:1      | jasper the Hill Orc Cinder Acolyte began the quest for the
                  | Orb.
     0 | D:1      | Reached XP level 1. HP: 19/19 MP: 2/2
    62 | D:1      | Found a faded altar of an unknown god.
   103 | D:1      | Reached XP level 2. HP: 21/27 MP: 3/3
   126 | D:1      | Found Saqec's General Store.
  1042 | D:2      | Reached skill level 5 in Axes
  1042 | D:2      | Reached XP level 3. HP: 31/33 MP: 4/4
  1061 | D:2      | Found Nosukue's Magic Scroll Shop.
  1447 | D:2      | Reached XP level 4. HP: 38/40 MP: 5/5
  1508 | D:3      | Reached skill level 1 in Armour
  1647 | D:3      | Reached skill level 6 in Axes
  1676 | D:3      | Found the +2 ratskin cloak {*Rats rPois rN+ Str-1 Int-1
                  | Dex+1}
  1765 | D:3      | Reached XP level 5. HP: 44/47 MP: 6/6
  2118 | D:4      | Found a hazy altar of Hepliaklqana.
  2178 | D:4      | Noticed a phantom
  2188 | D:4      | Killed a phantom
  2191 | D:4      | Reached skill level 5 in Fighting
  2191 | D:4      | Reached XP level 6. HP: 31/56 MP: 7/7
  2296 | D:4      | Reached skill level 7 in Axes
  2314 | D:4      | Found a staircase to the Ecumenical Temple.
  2315 | D:4      | Noticed a black bear
  2336 | D:4      | Killed a black bear
  2337 | D:4      | Reached XP level 7. HP: 44/61 MP: 8/8
  2562 | D:4      | Reached skill level 8 in Axes
  2602 | D:4      | Found a sacrificial altar of Ru.
  2604 | D:4      | Found a burning altar of Makhleb.
  2722 | D:4      | Got Ibyntaw's Secrets of the Hyperbolic Scorpion
  2968 | D:5      | Entered Level 5 of the Dungeon
  3035 | D:5      | Reached skill level 9 in Axes
  3075 | D:5      | Reached XP level 8. HP: 25/71 MP: 9/9
  3370 | D:5      | Found a runed translucent door.
  3371 | D:5      | Noticed Crazy Yiuf
  3596 | D:5      | Reached skill level 10 in Axes
  3604 | D:5      | Reached skill level 5 in Armour
  4039 | D:5      | Found a radiant altar of Vehumet.
  4160 | D:5      | Killed Crazy Yiuf
  4362 | D:6      | Reached skill level 11 in Axes
  4423 | D:6      | Found a white marble altar of Elyvilon.
  4506 | D:6      | Reached XP level 9. HP: 76/80 MP: 10/10
  4700 | D:6      | Identified the +7 glaive of Caesarr {flame, *Slow Str+3
                  | Dex+4}
  4760 | D:6      | You fall into a shaft and drop 1 floor!
  5197 | D:7      | Reached skill level 1 in Evocations
  5213 | D:7      | Reached skill level 1 in Throwing
  5830 | D:8      | Found a bloodstained altar of Trog.
  5831 | D:8      | Noticed a wizard
  5837 | D:8      | Killed a wizard
  6352 | D:8      | Found a blossoming altar of Fedhas.
  6439 | D:8      | Reached skill level 5 in Evocations
  6680 | D:9      | HP: 4/81 [yak (11)]
  6683 | D:9      | Mangled by a yak

Illustrated notes

Levels and vault maps discovered:
D:1:      roderic_chinese_lattice_arrival, layout_basic, serial_shops, shop,
          dreamdust_ecumenical_altar_statues
D:2:      layout_rooms, serial_shops, nicolae_shop_tiny_glass
D:3:      cheibrodos_greedy_goblins, layout_rooms
D:4:      layout_rooms, nicolae_hepliaklqana_monster_ancestors,
          chequers_temple_overflow_statue_of_worship,
          minmay_temple_entry_mini_moons, portal_sewer_entry_d, hellmonk_no_cap
D:5:      layout_basic, mainiacjoe_overflow_surrounded_room, serial_glass,
          glass_columns_a, glass_columns_a, glass_columns_a, glass_columns_a,
          glass_columns_a, glass_columns_b, glass_columns_a, glass_columns_a,
          nrook_uturn, uniq_crazy_yiuf_cottage
D:6:      layout_loops_ring, mainiacjoe_overflow_alcove_2,
          nicolae_uskayaw_en_pointe, corexii_shack
D:7:      layout_loops_corners
D:8:      layout_rooms, trog_wizard, fedhas_bush_and_centaur_altar,
          minmay_manual_mares
D:9:      layout_long_grid, nemelex_xobeh_ov_fountains_minmay,
          mainiacjoe_overflow_24_doors

Skill      XL: |  1  2  3  4  5  6  7  8  9 |
---------------+----------------------------+-----
Fighting       | 4 5 6 7 |  7.9
Axes           | 5 6 7 9 11 | 11.5
Armour         | 1 2 3 4 5 |  5.9
Evocations     | 5 |  5.2
Throwing       | 2 |  2.0
Spellcasting   | |  1.0
Fire Magic     | |  3.2

Action                     |  1- 3 |  4- 6 |  7- 9 || total
---------------------------+-------+-------+-------++-------
  Melee: Hand axe          |   100 |    87 |   452 ||   639
  Throw: Stone             |     3 |     3 |       ||     6
         Boomerang         |       |     4 |    49 ||    53
 Invoke: Fiery Armour      |       |     3 |     4 ||     7
   Stab: Distracted        |       |       |     1 ||     1
 Armour: Robe              |    13 |       |       ||    13
         Ring mail         |    22 |       |       ||    22
         Chain mail        |     9 |    70 |   294 ||   373
  Dodge: Dodged            |    49 |    45 |   167 ||   261
  Block: Buckler           |       |     7 |    50 ||    57
